 Dungeon Crawl Stone Soup version 0.18.1-48-g4cf74bf (webtiles) character file.

634800 Vincendra the Hoplite (level 27, -7/243 HPs)
             Began as a Minotaur Fighter on June 26, 2016.
             Was the Champion of the Shining One.
             Killed from afar by a Hell Sentinel (45 damage)
             ... with damnation
             ... on level 4 of the Realm of Zot.
             The game lasted 03:26:46 (62702 turns).

Vincendra the Hoplite (Minotaur Fighter)           Turns: 62702, Time: 03:26:47

Health: -7/243     AC: 56    Str: 32    XL:     27
Magic:  9/29       EV:  8    Int:  5    God:    the Shining One [******]
Gold:   3391       SH: 22    Dex: 14    Spells: 2 memorised, 14 levels left

rFire  + . .     SeeInvis .     s - +9 broad axe (holy)
rCold  + . .     Gourm    +     L - +12 crystal plate armour
rNeg   + + +     Faith    .     H - +2 shield {AC+3}
rPois  .         Spirit   .     (helmet restricted)
rElec  +         Dismiss  .     B - +2 cloak {+Inv}
rCorr  .         Reflect  .     M - +1 pair of gloves of Death Resistance {rElec Dex+4 Stlth-}
SustAt .         Harm     .     Y - +0 pair of boots
MR     +++++     Rnd*Rage +     W - amulet of the gourmand
Stlth  ..........               w - ring of the Sun {+Fly rElec rC+ MR+ Stlth+}
                                d - +4 ring of slaying

@: very slightly contaminated, glowing, studying Polearms, almost entirely
resistant to hostile enchantments, extremely unstealthy
A: retaliatory headbutt, claws 1, horns 2, berserk 1, blurry vision 3, clumsy 2,
fire resistance 1, frail 1, magic resistance 2, shaggy fur 1, strong 1
a: Divine Shield, Cleansing Flame, Summon Divine Warrior, Renounce Religion,
Evoke Invisibility, Evoke Flight
0: Orb of Zot
}: 3/15 runes: serpentine, barnacled, silver


You were on level 4 of the Realm of Zot.
You worshipped the Shining One.
The Shining One was exalted by your worship.
You were very full.

You visited 12 branches of the dungeon, and saw 54 of its levels.
You visited 2 bazaars.
You also visited: Volcano.

You collected 6625 gold pieces.
You spent 3234 gold pieces at shops.

Inventory:

Hand Weapons
 s - a +9 broad axe of holy wrath (weapon)
 D - a +3 executioner's axe of flaming
Armour
 B - a +2 cloak of invisibility (worn)
 G - a +2 cloak
 H - a +2 shield of protection (worn)
 L - a +12 crystal plate armour (worn)
 M - the +1 pair of gloves of Death Resistance (worn) {rElec Dex+4 Stlth-}
   (You bought it in a shop on level 14 of the Dungeon)

   It affects your dexterity (+4).
   It insulates you from electricity.
   It makes you less stealthy.
 Y - a +0 pair of boots (worn)
Jewellery
 d - a +4 ring of slaying (left hand)
 g - the ring "Moqagyph" {rPois rF- rC++ AC+1 Int-3}
   (You took it off a deep elf demonologist on level 3 of the Elven Halls)

   [ring of protection]

   It affects your AC (+1).
   It affects your intelligence (-3).
   It makes you vulnerable to fire.
   It greatly protects you from cold.
   It protects you from poison.
 w - the ring of the Sun (right hand) {+Fly rElec rC+ MR+ Stlth+}
   (You bought it in a shop on level 11 of the Dungeon)

   [ring of protection from cold]

   It protects you from cold.
   It insulates you from electricity.
   It affects your resistance to hostile enchantments.
   It lets you fly.
   It makes you more stealthy.
 W - an amulet of the gourmand (around neck)
Wands
 b - a wand of teleportation (4/9)
 n - a wand of disintegration (4/24)
 x - a wand of disintegration (10/24)
 A - a wand of digging (10/24)
 O - a wand of polymorph (13/24)
 X - a wand of heal wounds (6/9)
Scrolls
 e - 19 scrolls of remove curse
 h - 12 scrolls of magic mapping
 m - 6 scrolls of identify
 q - 19 scrolls of teleportation
 t - 7 scrolls of fear
 y - 9 scrolls of amnesia
 z - 7 scrolls of recharging
 I - 7 scrolls of enchant weapon
 K - 3 scrolls of brand weapon
 U - 9 scrolls of blinking
Potions
 a - 3 potions of magic
 j - 11 potions of curing
 k - 4 potions of flight
 v - a potion of resistance
 C - 3 potions of ambrosia
 E - 2 potions of cancellation
 F - a potion of agility
 J - a potion of beneficial mutation {unknown}
 P - 6 potions of berserk rage
 Q - 6 potions of haste
 R - 3 potions of cure mutation
 S - a potion of heal wounds
 V - 3 potions of brilliance
 Z - 5 potions of might
Books
 l - a book of Burglary

   Spells                             Type                      Level
   a - Swiftness                      Charms/Air                   2
   b - Passwall                       Transmutation/Earth          2
   c - Passage of Golubria            Translocation                4
   d - Lee's Rapid Deconstruction     Earth                        5
   e - Darkness                       Hexes                        6
   f - Invisibility                   Hexes                        6
 N - a manual of Polearms
Comestibles
 c - 2 slices of pizza
 f - 13 bread rations
 i - 16 beef jerkies
 p - 6 royal jellies
 r - 18 meat rations
 T - 31 fruits


   Skills:
 + Level 26.6 Fighting
 + Level 26.6 Axes
 + Level 26.6 Armour
 + Level 26.7 Shields
 - Level 4.8 Charms
 - Level 10.2 Invocations


You had 14 spell levels left.
You knew the following spells:

 Your Spells              Type           Power        Failure   Level  Hunger
a - Haste                 Chrm           #.......     100%        6    #######
b - Deflect Missiles      Chrm/Air       #.........   100%        6    #######


Dungeon Overview and Level Annotations

Branches:
Dungeon (15/15)            Temple (1/1) D:7            Lair (8/8) D:9
 Shoals (4/4) Lair:3        Snake (4/4) Lair:6        Slime (1/6) Lair:8
    Orc (2/2) D:12            Elf (3/3) Orc:2        Vaults (5/5) D:13
  Crypt (1/3) Vaults:3     Depths (5/5) D:15            Zot (5/5) Depths:5

Altars:
Ashenzari
Cheibriados
Dithmenos
Elyvilon
Fedhas
Gozag
Kikubaaqudgha
Makhleb
Nemelex Xobeh
Okawaru
Pakellas
Qazlal
Ru
Sif Muna
Trog
Vehumet
Xom
Yredelemnul
Zin
The Shining One

Shops:
D:9 }   D:11 =*[   D:12 *   D:14 [   Orc:2 ==!:?   Elf:1 :   Shoals:4 *
Snake:1 ?   Vaults:2 :   Vaults:5 *

Portals:
Hell: Depths:1 Depths:2 Depths:3 Depths:4
Abyss: Depths:2 Depths:3 Depths:4
Pandemonium: Depths:2 Depths:3
Ziggurat: Depths:4


Innate Abilities, Weirdness & Mutations

You reflexively headbutt those who attack you in melee.
You have a pair of horns on your head.
You have sharp fingernails.
You tend to lose your temper in combat.
Scrolls take you much longer to read.
You are very clumsy. (Dex -4)
Your flesh is heat resistant.
You are frail (-10% HP).
You are highly resistant to hostile enchantments.
You are covered in fur (AC +1).
Your muscles are strong. (Str +2)


Message History

The Hell Sentinel convulses.
Your daeva hits the Hell Sentinel with a long sword of holy wrath!
The Hell Sentinel convulses.
You are too injured to fight recklessly!
Your daeva is struck by the Hell Sentinel's spines.
Your daeva hits the Hell Sentinel but does no damage. x2
The Hell Sentinel gestures at you.
The damnation unfurls!
The damnation engulfs you!
* * * LOW HITPOINT WARNING * * *
The damnation engulfs your daeva.
The damnation engulfs the Hell Sentinel.
The Hell Sentinel completely resists.
You hit the Hell Sentinel.
The Hell Sentinel convulses.
You headbutt the Hell Sentinel, but do no damage.
The Hell Sentinel is lightly wounded.
Your daeva calls down the wrath of the Shining One upon the Hell Sentinel.
The Hell Sentinel is smitten.
The Hell Sentinel gestures at you.
The damnation unfurls!
The damnation engulfs you!
You die...

#.....)....# ##...##
### #..######..#
#.^## ##.. #..# #.1#
#..# ##... #..# #..#
#..# ##...# #..# #..#
#..# #...## #..# #..#
#..######..## #..#
#..# #..........#
#..#
#..######..........#
####
#...1@.....######..##
#.>.A......# #...##
#..######..# ##...#
#### #..# #..# ##...
#..# #..# #..## ##..
#..# #..# #...## ###
#..# #..# ##...##
#..######..# ##...##
#..........## ##...##


You could see a Hell Sentinel and a friendly daeva.

Vanquished Creatures
  2 ancient liches (Zot:5)
  3 orbs of fire
  2 juggernauts (Depths:3)
  Frederick (Depths:4)
  4 caustic shrikes
  6 Killer Klowns (Zot:5)
  Vashnia (Snake:3)
  A curse toe (Zot:4)
  Nikola (Snake:3)
  Jory (Depths:3)
  A bone dragon (Depths:5)
  8 golden dragons
  2 liches
  3 electric golems
  12 tentacled monstrosities
  Jorgrun (Depths:3)
  A Brimstone Fiend (Zot:4)
  Asterion (Snake:1)
  The ghost of Kloppie the Bludgeoner, an adept MiBe of Trog (Vaults:1)
  24 Orb Guardians
  Rupert (D:12)
  A quicksilver dragon (Vaults:5)
  A deep elf blademaster (Elf:3)
  5 titans (Vaults:5)
  Polyphemus (Shoals:3)
  4 sphinxes
  2 deep elf master archers (Elf:3)
  3 death cobs
  An ancient champion (Crypt:1)
  13 storm dragons
  7 shadow dragons
  The ghost of nixorn the Nimble, an adept HuCj of Vehumet (Snake:1)
  2 draconian monks
  8 draconian knights
  9 tengu reavers
  An azure jelly (Slime:1)
  A revenant (Crypt:1)
  6 fire giants
  4 ghost moths
  11 frost giants
  6 greater nagas
  A balrug (Depths:1)
  Maud (D:14)
  An iron dragon (Vaults:5)
  Louise (Elf:1)
  7 deep elf sorcerers
  13 vault wardens
  4 draconian scorchers
  A draconian shifter (Zot:2)
  2 curse skulls (Crypt:1)
  8 draconian zealots
  2 deep elf elementalists
  Aizul (Snake:1)
  A reaper (Depths:3)
  9 ironheart preservers
  2 spriggan defenders (Depths:4)
  20 stone giants
  17 very ugly things
  A draconian caller (Zot:2)
  3 war gargoyles (Vaults:5)
  5 deep elf demonologists
  A salamander stormcaller (Vaults:5)
  7 vampire knights
  Nessos (D:14)
  4 black draconians
  7 white draconians
  6 draconian annihilators
  A lorocyproca (Zot:4)
  8 deep elf annihilators
  6 purple draconians
  12 red draconians
  7 green draconians
  5 yellow draconians
  3 spark wasps
  5 mottled draconians
  7 deep elf death magi
  2 eidola (Crypt:1)
  12 fire dragons
  17 ettins
  A green death (Depths:3)
  A crystal guardian (Vaults:4)
  9 merfolk javelineers
  29 vault guards
  7 merfolk impalers (Shoals:4)
  21 yaktaur captains
  2 mummy priests (Crypt:1)
  6 deep elf high priests
  8 entropy weavers
  A jiangshi (Crypt:1)
  3 rakshasas
  A great orb of eyes (shapeshifter) (Depths:5)
  20 ogre magi
  9 great orbs of eyes
  18 naga warriors
  4 hydras
  Harold (D:11)
  10 centaur warriors
  12 anacondas
  13 ice dragons
  3 alligator snapping turtles (Shoals:4)
  3 spriggan air magi
  3 death knights
  The ghost of nixorn the Blocker, a novice DDFi of Pakellas (D:8)
  5 catoblepae
  A satyr (Shoals:4)
  3 merfolk aquamancers (Shoals:4)
  A queen ant (Lair:8)
  6 large abominations
  9 deep troll shamans
  16 death yaks
  15 deep troll earth magi
  7 spriggan berserkers
  7 tengu warriors
  2 vampire magi
  26 dancing weapons
  6 shock serpents
  3 orc high priests
  21 naga sharpshooters
  2 sun demons (Depths:1)
  2 hell knights
  A soul eater (Depths:3)
  Sonja (Lair:3)
  21 deep elf knights
  A wizard (Depths:3)
  4 iron trolls
  A titan skeleton (Crypt:1)
  An iron troll (shapeshifter) (Vaults:5)
  2 shadow wraiths
  2 anaconda zombies (Crypt:1)
  9 sea snakes
  15 skeletal warriors
  31 deep trolls
  3 salamander mystics
  A swamp dragon (shapeshifter) (Vaults:5)
  2 spriggan druids (Depths:4)
  7 unseen horrors
  23 deep elf archers
  10 flayed ghosts
  3 giant orange brains
  11 naga ritualists
  7 phantasmal warriors
  Pikel (D:6)
  9 hill giants
  A lindwurm (shapeshifter) (Vaults:3)
  19 orc knights
  12 harpies
  7 necromancers
  11 mana vipers
  A harpy (shapeshifter) (Vaults:4)
  20 ironbrand convokers
  7 wolf spiders
  4 fauns
  8 griffons
  11 cyclopes
  An orb spider (shapeshifter) (Depths:1)
  67 deep elf magi
  A shining eye (shapeshifter) (Depths:3)
  A stone giant zombie (Crypt:1)
  A moth of wrath (shapeshifter) (Vaults:5)
  9 salamanders
  2 wolf spiders (shapeshifter)
  4 hornets
  6 orc sorcerers
  44 ugly things
  5 sirens
  9 manticores
  A toenail golem (Volcano)
  23 moths of wrath
  15 elephants
  A guardian serpent (Snake:3)
  23 naga magi
  A salamander (shapeshifter) (Vaults:5)
  A shock serpent zombie (Crypt:1)
  4 water nymphs
  A stone giant skeleton (Vaults:3)
  9 vault sentinels
  Maurice (D:8)
  35 black mambas
  3 centaur zombies (D:14)
  Joseph (D:9)
  3 torpor snails
  A human skeleton (Vaults:3)
  6 spiny frogs
  4 gargoyles
  2 spiny frogs (shapeshifter)
  3 centaur skeletons
  2 efreet
  15 freezing wraiths
  A catoblepas zombie (Crypt:1)
  A demonic crawler (Depths:3)
  2 kobold demonologists
  6 rime drakes
  A rime drake (shapeshifter) (Vaults:3)
  90 yaktaurs
  An anaconda simulacrum (Crypt:1)
  A golden dragon simulacrum (Crypt:1)
  10 komodo dragons
  2 tengu conjurers
  46 orc warriors
  2 wind drakes (shapeshifter)
  17 slime creatures
  26 merfolk
  38 two-headed ogres
  Grinder (D:6)
  11 trolls
  3 polar bears
  A queen ant zombie (Crypt:1)
  A raiju (shapeshifter) (Vaults:4)
  2 hydra skeletons (Crypt:1)
  3 wind drakes
  A blink frog (shapeshifter) (Depths:1)
  6 boulder beetles
  2 jumping spiders
  A boulder beetle (shapeshifter) (Elf:3)
  21 blink frogs
  A stone giant simulacrum (Vaults:2)
  A snapping turtle (shapeshifter) (Depths:4)
  A fire dragon skeleton (Crypt:1)
  3 snapping turtles (Shoals:2)
  25 redbacks
  3 flying skulls (Crypt:1)
  A vampire (D:15)
  2 shadows
  2 tarantellas
  The ghost of cutebanana the Conjurer, an amateur DECj (D:5)
  5 air elementals
  A redback (shapeshifter) (Depths:3)
  25 water elementals
  53 yaks
  20 spriggans (Depths:4)
  A wraith (Vaults:1)
  A hill giant zombie (D:12)
  3 wyverns
  9 small abominations
  4 humans
  A golden eye (shapeshifter) (Vaults:5)
  3 chaos spawn
  14 hippogriffs
  24 vampire mosquitoes
  4 fire elementals
  A hog (shapeshifter) (Vaults:2)
  A human simulacrum (Vaults:3)
  7 hungry ghosts
  4 basilisks
  A mottled dragon (Vaults:1)
  A mottled dragon (shapeshifter) (Depths:5)
  5 wargs
  16 soldier ants (Lair:8)
  52 nagas
  Duvessa (D:7)
  25 water moccasins
  A giant eyeball (shapeshifter) (Elf:3)
  8 porcupines
  An ice beast (D:5)
  An ettin simulacrum (Crypt:1)
  An eye of draining (D:12)
  85 ogres
  4 phantoms
  8 sky beasts
  3 wasps
  A black bear (D:8)
  12 centaurs
  5 boggarts (Depths:4)
  A tengu (shapeshifter) (Vaults:5)
  4 wolves
  A crocodile (shapeshifter) (Vaults:3)
  6 crocodiles
  An earth elemental (Elf:1)
  28 giant frogs
  Dowan (D:7)
  2 water moccasin zombies
  A wyvern skeleton (D:13)
  A troll zombie (D:12)
  3 scorpions
  8 jellies
  17 killer bees
  2 electric eels
  2 vampire bats (Lair:2)
  6 wights
  5 howler monkeys
  A wolf zombie (Crypt:1)
  7 crimson imps
  3 giant frog zombies
  A wasp zombie (D:13)
  A giant frog skeleton (D:7)
  4 hounds
  Crazy Yiuf (D:3)
  24 orc priests
  A gnoll shaman (Orc:2)
  21 orc wizards
  5 iguanas
  An iron imp (Depths:3)
  Ijyb (D:3)
  40 worker ants
  A hell rat (Depths:3)
  A killer bee zombie (D:7)
  A deep dwarf zombie (Crypt:1)
  6 ogre zombies (D:12)
  28 sheep
  2 hound skeletons
  A howler monkey zombie (D:6)
  A worker ant zombie (D:8)
  5 gnolls (Orc:2)
  9 adders
  38 river rats
  7 shadow imps
  An adder zombie (Crypt:1)
  4 worms
  2 ball lightnings (Snake:1)
  2 dart slugs
  6 giant geckos
  70 orcs
  6 giant cockroaches
  10 goblins
  6 hobgoblins
  19 jackals
  9 kobolds
  3 quokkas
  7 ball pythons
  16 bats
  A giant gecko skeleton (D:5)
  2 giant newts
  A goblin zombie (D:12)
  A hobgoblin skeleton (D:12)
  A hobgoblin zombie (D:12)
  A jackal skeleton (D:4)
  A jackal zombie (D:8)
  An orc skeleton (D:12)
  21 orc zombies (D:12)
  A quokka skeleton (D:8)
  8 rats
  A bush (Elf:3)
  A fire vortex (Vaults:5)
  8 fungi
  11 plants
2535 creatures vanquished.

Vanquished Creatures (collateral kills)
  Mara (Snake:3)
  A golden dragon (Vaults:5)
  A tentacled monstrosity (Vaults:5)
  A quicksilver dragon (Vaults:5)
  A death cob (Zot:1)
  A greater naga (Snake:4)
  A draconian shifter (Zot:5)
  A mottled draconian (Zot:5)
  An ettin (Vaults:5)
  A deep elf death mage (Vaults:5)
  A vault guard (Vaults:5)
  2 naga warriors
  A naga sharpshooter (Snake:3)
  2 sea snakes (Shoals:4)
  2 deep elf archers (Vaults:5)
  A faun (Shoals:4)
  3 moths of wrath
  A siren (Shoals:4)
  A vault sentinel (Vaults:5)
  A water nymph (Shoals:4)
  2 naga magi
  A two-headed ogre (Vaults:5)
  A merfolk (Shoals:4)
  A naga (Snake:4)
30 creatures vanquished.

Vanquished Creatures (others)
  3 draconian monks (Zot:2)
  A draconian knight (Zot:2)
  A deep elf sorcerer (Elf:3)
  2 draconian annihilators (Zot:2)
  2 draconian shifters (Zot:2)
  3 draconian scorchers
  A draconian caller (Zot:2)
  3 black draconians
  A green draconian (Zot:2)
  3 white draconians (Zot:2)
  3 red draconians (Zot:2)
  A deep elf high priest (Elf:3)
  A naga warrior (Snake:4)
  An orc knight (Vaults:4)
  A deep elf mage (Elf:2)
  A naga mage (Snake:4)
  A human (Volcano)
  3 slaves (D:6)
  An ogre (Vaults:4)
  A hound skeleton (D:6)
  6 ball lightnings (Snake:1)
  2 orcs (D:6)
  A ball python (D:6)
  16 fungi
  A lost soul (Crypt:1)
  10 plants
70 creatures vanquished.

Grand Total: 2635 creatures vanquished

Notes
Turn   | Place    | Note
--------------------------------------------------------------
     0 | D:1      | Vincendra the Minotaur Fighter began the quest for the Orb.
     0 | D:1      | Reached XP level 1. HP: 19/19 MP: 0/0
   102 | D:1      | Reached XP level 2. HP: 26/27 MP: 1/1
   534 | D:1      | Reached XP level 3. HP: 33/33 MP: 2/2
   660 | D:2      | Found a shattered altar of Ashenzari.
  1245 | D:2      | Reached XP level 4. HP: 27/41 MP: 3/3
  1859 | D:3      | Found an opulent altar of Gozag.
  2165 | D:3      | Noticed Ijyb
  2182 | D:3      | Killed Ijyb
  2229 | D:3      | Reached skill level 5 in Fighting
  2230 | D:3      | Reached XP level 5. HP: 31/48 MP: 4/4
  2646 | D:3      | Noticed Crazy Yiuf
  2656 | D:3      | Killed Crazy Yiuf
  2734 | D:4      | Noticed a phantom
  2753 | D:4      | Killed a phantom
  2753 | D:4      | Reached skill level 5 in Shields
  2906 | D:4      | Reached XP level 6. HP: 56/56 MP: 5/5
  3022 | D:4      | Reached skill level 5 in Armour
  3425 | D:5      | Entered Level 5 of the Dungeon
  3514 | D:5      | Noticed cutebanana's ghost (amateur DECj)
  3515 | D:5      | Noticed a sky beast
  3520 | D:5      | Killed a sky beast
  3520 | D:5      | Reached skill level 5 in Axes
  3522 | D:5      | Killed cutebanana's ghost
  3522 | D:5      | Reached XP level 7. HP: 49/63 MP: 6/6
  3526 | D:5      | Gained mutation: Your spells are a little easier to cast, but a little less powerful. [mutagenic meat]
  3527 | D:5      | Gained mutation: You occasionally shout uncontrollably at your foes. [mutagenic meat]
  3528 | D:5      | Gained mutation: You are clumsy. (Dex -2) [mutagenic meat]
  3529 | D:5      | Gained mutation: You are resistant to hostile enchantments. [mutagenic meat]
  3549 | D:5      | Lost mutation: You are resistant to hostile enchantments. [potion of mutation]
  3549 | D:5      | Gained mutation: You tend to lose your temper in combat. [potion of mutation]
  3549 | D:5      | Gained mutation: You possess an exceptional clarity of mind. [potion of mutation]
  4246 | D:6      | Reached XP level 8. HP: 61/71 MP: 7/7
  4294 | D:6      | Noticed Pikel
  4305 | D:6      | Killed Pikel
  4385 | D:6      | Noticed Grinder
  4396 | D:6      | Paralysed by Grinder for 3 turns
  4404 | D:6      | Paralysed by Grinder for 6 turns
  4413 | D:6      | Killed Grinder
  4689 | D:6      | Reached XP level 9. HP: 81/81 MP: 8/8
  5565 | D:6      | Got a crude flail
  5566 | D:6      | Identified the +8 flail "Vamotix" {flame, rF+} (You found it on level 6 of the Dungeon)
  5636 | D:7      | Found a staircase to the Ecumenical Temple.
  5667 | Temple   | Entered the Ecumenical Temple
  5763 | Temple   | Became a worshipper of the Shining One
  5842 | D:7      | Noticed Duvessa
  5843 | D:7      | Noticed Dowan
  5857 | D:7      | Killed Duvessa
  5861 | D:7      | Killed Dowan
  7047 | D:8      | Noticed nixorn's ghost (novice DDFi)
  7055 | D:8      | Noticed Maurice
  7074 | D:8      | Killed nixorn's ghost
  7074 | D:8      | Reached XP level 10. HP: 25/91 MP: 2/9
  7077 | D:8      | Killed Maurice
  7707 | D:8      | Reached * piety under the Shining One
  7744 | D:8      | Noticed an unseen horror
  7748 | D:8      | Killed an unseen horror
  7748 | D:8      | Reached skill level 10 in Fighting
  7748 | D:8      | Reached skill level 10 in Shields
  7788 | D:8      | Got a bloodstained morningstar
  7790 | D:8      | Identified the cursed +1 morningstar "Sade" {flame, Stlth+} (You found it on level 8 of the Dungeon)
  7858 | D:8      | Reached skill level 10 in Armour
  8121 | D:8      | Reached skill level 10 in Axes
  8135 | D:8      | Found a blossoming altar of Fedhas.
  8706 | D:9      | Noticed Joseph
  8716 | D:9      | Killed Joseph
  8716 | D:9      | Reached XP level 11. HP: 92/101 MP: 10/10
  8910 | D:9      | Found Lych's Quality Used Wands.
  9179 | D:9      | Found a staircase to the Lair.
  9184 | Lair:1   | Entered Level 1 of the Lair of Beasts
  9187 | Lair:1   | Got an encrusted trident
  9218 | Lair:1   | Identified the +4 trident "Bolod" {pain, Int+6} (You found it on level 1 of the Lair of Beasts)
 10055 | Lair:2   | Reached ** piety under the Shining One
 11296 | Lair:3   | Found a staircase to the Shoals.
 11764 | Lair:3   | Noticed Sonja
 12389 | Lair:3   | Killed Sonja
 12451 | Lair:3   | Noticed a griffon
 12461 | Lair:3   | Killed a griffon
 12461 | Lair:3   | Reached XP level 12. HP: 86/112 MP: 11/11
 13138 | Lair:4   | Noticed a death yak
 13162 | Lair:4   | Killed a death yak
 14189 | Lair:5   | Found a dark tunnel.
 14203 | Volcano  | Entered a volcano
 15130 | Lair:6   | Found a staircase to the Snake Pit.
 15326 | Lair:6   | Reached XP level 13. HP: 106/122 MP: 12/12
 15422 | Lair:6   | Reached *** piety under the Shining One
 17424 | Lair:8   | Entered Level 8 of the Lair of Beasts
 17609 | Lair:8   | Reached skill level 1 in Invocations
 17664 | Lair:8   | Reached XP level 14. HP: 97/133 MP: 14/16
 17670 | Lair:8   | Reached skill level 5 in Invocations
 18458 | Lair:8   | Found a staircase to the Slime Pits.
 19006 | D:10     | Entered Level 10 of the Dungeon
 19222 | D:10     | Reached **** piety under the Shining One
 19769 | D:11     | Found Duxteapp's Assorted Antiques.
 19779 | D:11     | Bought a scroll of identify for 34 gold pieces
 19779 | D:11     | Bought a scroll of recharging for 161 gold pieces
 19860 | D:11     | Found Norch's Jewellery Shop.
 19863 | D:11     | Bought the ring of the Sun {+Fly rElec rC+ MR+ Stlth+} for 693 gold pieces
 19909 | D:11     | Reached skill level 10 in Invocations
 20048 | D:11     | Found Henufeab's Armour Emporium.
 20210 | D:11     | Noticed Harold
 20224 | D:11     | Killed Harold
 20628 | D:12     | Found Qual's General Store.
 20640 | D:12     | Bought a scroll of identify for 30 gold pieces
 20666 | D:12     | Reached ***** piety under the Shining One
 20668 | D:12     | Noticed Rupert
 20697 | D:12     | Killed Rupert
 20723 | D:12     | Found a staircase to the Orcish Mines.
 21288 | D:13     | Reached ****** piety under the Shining One
 21355 | D:13     | Reached skill level 15 in Shields
 21355 | D:13     | Reached XP level 15. HP: 139/139 MP: 21/21
 21655 | D:13     | Reached skill level 15 in Fighting
 22006 | D:13     | Reached skill level 15 in Armour
 22031 | D:13     | Found a gate to the Vaults.
 22288 | D:14     | Reached skill level 15 in Axes
 22352 | D:14     | Noticed Nessos
 22387 | D:14     | Killed Nessos
 22483 | D:14     | Gained mutation: You have sharp fingernails. [mutagenic meat]
 22485 | D:14     | Lost mutation: Your spells are a little easier to cast, but a little less powerful. [mutagenic meat]
 22486 | D:14     | Gained mutation: You are frail (-10% HP). [mutagenic meat]
 22488 | D:14     | Gained mutation: You are resistant to hostile enchantments. [mutagenic meat]
 22580 | D:14     | Found Puschixe's Armour Emporium.
 22588 | D:14     | Bought the +1 pair of gloves of Death Resistance {rElec Dex+4 Stlth-} for 427 gold pieces
 22612 | D:14     | Noticed Maud
 22623 | D:14     | Killed Maud
 22668 | D:14     | HP: 3/126 [white ugly thing (17)]
 22707 | D:14     | Lost mutation: You occasionally shout uncontrollably at your foes. [mutagenic meat]
 22708 | D:14     | Lost mutation: You possess an exceptional clarity of mind. [mutagenic meat]
 22709 | D:14     | Gained mutation: Your spells are a little easier to cast, but a little less powerful. [mutagenic meat]
 22710 | D:14     | Lost mutation: You are clumsy. (Dex -2) [mutagenic meat]
 22711 | D:14     | Gained mutation: You often lose your temper in combat. [mutagenic meat]
 22712 | D:14     | Gained mutation: Your muscles are strong. (Str +2) [mutagenic meat]
 22714 | D:14     | Gained mutation: You are clumsy. (Dex -2) [mutagenic meat]
 22763 | D:14     | Gained mutation: You are covered in fur (AC +1). [mutagenic meat]
 23006 | D:14     | Gained mutation: Your flesh is heat resistant. [mutagenic meat]
 23008 | D:14     | Gained mutation: Your magical capacity is low (-10% MP). [mutagenic meat]
 23011 | D:14     | Gained mutation: You evolve. [mutagenic meat]
 23012 | D:14     | Lost mutation: Your magical capacity is low (-10% MP). [mutagenic meat]
 23013 | D:14     | Gained mutation: You are highly resistant to hostile enchantments. [mutagenic meat]
 23014 | D:14     | Gained mutation: You have an uncontrollable temper. [mutagenic meat]
 23016 | D:14     | Lost mutation: Your spells are a little easier to cast, but a little less powerful. [mutagenic meat]
 23017 | D:14     | Gained mutation: You are partially covered in thin metallic scales (AC +2). [mutagenic meat]
 23022 | D:14     | Lost mutation: You evolve. [mutagenic meat]
 23303 | D:14     | Lost mutation: You have an uncontrollable temper. [mutagenic meat]
 23305 | D:14     | Gained mutation: Your mind is acute. (Int +2) [mutagenic meat]
 23466 | D:15     | Entered Level 15 of the Dungeon
 23475 | D:15     | Lost mutation: You are partially covered in thin metallic scales (AC +2). [mutagenic meat]
 23476 | D:15     | Lost mutation: You are frail (-10% HP). [mutagenic meat]
 23477 | D:15     | Gained mutation: You occasionally shout uncontrollably at your foes. [mutagenic meat]
 23478 | D:15     | Gained mutation: Your mind is very acute. (Int +4) [mutagenic meat]
 23479 | D:15     | Gained mutation: Your muscles are very strong. (Str +4) [mutagenic meat]
 23710 | D:15     | Identified the Disquisition on the Shifting Blaze
 23903 | D:15     | Found a staircase to the Depths.
 24113 | D:15     | Got a transparent plate armour
 24125 | D:15     | Identified the +0 plate armour of Wuirumuf {Str+3 Int+2} (You found it on level 15 of the Dungeon)
 24434 | Orc:1    | Entered Level 1 of the Orcish Mines
 24444 | Orc:1    | Reached XP level 16. HP: 151/151 MP: 22/22
 24568 | Orc:2    | Entered Level 2 of the Orcish Mines
 24580 | Orc:2    | Found Aqyat's Magic Scroll Shop.
 24594 | Orc:2    | Bought a scroll of enchant weapon for 120 gold pieces
 24594 | Orc:2    | Bought a scroll of enchant weapon for 120 gold pieces
 24594 | Orc:2    | Bought a scroll of identify for 32 gold pieces
 24594 | Orc:2    | Bought a scroll of identify for 32 gold pieces
 24594 | Orc:2    | Bought a scroll of enchant weapon for 120 gold pieces
 25208 | Orc:2    | Found a staircase to the Elven Halls.
 25381 | Orc:2    | Found Zohyublu's Jewellery Shoppe.
 25381 | Orc:2    | Found Jiuzabij's Distillery.
 25415 | Orc:2    | Found Qeoll's Jewellery Boutique.
 25415 | Orc:2    | Found Bymihez's Book Emporium.
 25830 | Elf:1    | Entered Level 1 of the Elven Halls
 26046 | Elf:1    | Found Lyhippog's Book Emporium.
 26816 | Elf:1    | Noticed Louise
 26827 | Elf:1    | Killed Louise
 27102 | Elf:1    | Got a faintly glowing glaive
 27109 | Elf:1    | Identified the +6 glaive of Winter {flame, +Fly SInv} (You found it on level 1 of the Elven Halls)
 27429 | Elf:2    | Found a runed gate.
 27429 | Elf:2    | Found a runed gate.
 27429 | Elf:2    | Found a runed gate.
 28049 | Elf:2    | Reached XP level 17. HP: 108/161 MP: 23/23
 28418 | Elf:2    | Lost mutation: You occasionally shout uncontrollably at your foes. [a Zot trap]
 28722 | Elf:3    | Entered Level 3 of the Elven Halls
 29356 | Elf:3    | Noticed a deep elf master archer
 29358 | Elf:3    | Noticed a deep elf master archer
 29746 | Elf:3    | Killed a deep elf master archer
 29757 | Elf:3    | Killed a deep elf master archer
 29858 | Elf:3    | Noticed a deep elf blademaster
 29872 | Elf:3    | Killed a deep elf blademaster
 30058 | Elf:3    | Got a heavily runed amber ring
 30142 | Elf:3    | Identified the ring "Moqagyph" {rPois rF- rC++ AC+1 Int-3} (You took it off a deep elf demonologist on level 3 of the Elven Halls)
 30599 | Elf:3    | Learned a level 6 spell: Haste
 30606 | Elf:3    | Learned a level 6 spell: Deflect Missiles
 30690 | Elf:3    | Reached XP level 18. HP: 139/172 MP: 24/24
 31112 | Snake:1  | Entered Level 1 of the Snake Pit
 31537 | Snake:1  | Noticed nixorn's ghost (adept HuCj)
 31549 | Snake:1  | Killed nixorn's ghost
 31666 | Snake:1  | Noticed Aizul
 31683 | Snake:1  | Killed Aizul
 31683 | Snake:1  | Reached skill level 1 in Charms
 31899 | Snake:1  | Noticed Asterion
 31918 | Snake:1  | Killed Asterion
 32177 | Snake:1  | Found Zemopawn's Magic Scroll Shoppe.
 32201 | Snake:1  | Bought a scroll of enchant weapon for 135 gold pieces
 32201 | Snake:1  | Bought a scroll of identify for 36 gold pieces
 32201 | Snake:1  | Bought a scroll of blinking for 135 gold pieces
 32201 | Snake:1  | Bought a scroll of identify for 36 gold pieces
 32201 | Snake:1  | Bought a scroll of enchant weapon for 135 gold pieces
 32208 | Snake:1  | Identified a +9 broad axe of holy wrath (a +8 broad axe of chopping blessed by the Shining One)
 32208 | Snake:1  | Received a gift from the Shining One
 33936 | Snake:3  | Noticed Nikola
 33961 | Snake:3  | Killed Nikola
 33974 | Snake:3  | Noticed Mara
 33996 | Snake:3  | Killed Mara
 34108 | Snake:3  | Noticed Vashnia
 34119 | Snake:3  | Killed Vashnia
 34858 | Snake:3  | Reached XP level 19. HP: 118/182 MP: 25/25
 35159 | Snake:4  | Entered Level 4 of the Snake Pit
 35367 | Snake:4  | Lost mutation: You are clumsy. (Dex -2) [potion of mutation]
 35367 | Snake:4  | Lost mutation: Your mind is very acute. (Int +4) [potion of mutation]
 35534 | Snake:4  | Found a gateway to a bazaar.
 35544 | Bazaar   | Entered a bazaar
 35546 | Bazaar   | Found Sorox's Magic Scroll Boutique.
 35551 | Bazaar   | Found Ulaw's General Store.
 35554 | Bazaar   | Bought a scroll of acquirement for 832 gold pieces
 35563 | Bazaar   | Found Jeyve's Assorted Antiques.
 35570 | Bazaar   | Found Reixkie's Weapon Boutique.
 35585 | Bazaar   | Found Gagap's Antique Armour Shop.
 36968 | Snake:4  | Got a serpentine rune of Zot
 37809 | Vaults:1 | Entered Level 1 of the Vaults
 37933 | Vaults:1 | Noticed Kloppie's ghost (adept MiBe)
 38418 | Vaults:1 | Killed Kloppie's ghost
 39073 | Vaults:2 | Reached XP level 20. HP: 193/193 MP: 26/26
 40202 | Vaults:2 | Found Bicw's Book Shop.
 40681 | Shoals:1 | Entered Level 1 of the Shoals
 41019 | Shoals:3 | Noticed Polyphemus
 41034 | Shoals:3 | Killed Polyphemus
 41100 | Shoals:4 | Entered Level 4 of the Shoals
 41103 | Shoals:4 | Found Lawagg's General Store.
 41130 | Shoals:4 | Bought a potion of heal wounds for 80 gold pieces
 41771 | Shoals:4 | HP: 9/195 [merfolk impaler/trident of flaming (2)]
 42638 | Shoals:4 | Reached XP level 21. HP: 154/203 MP: 27/27
 42782 | Shoals:4 | Got a barnacled rune of Zot
 43073 | Slime:1  | Entered Level 1 of the Pits of Slime
 44742 | Vaults:3 | Found a staircase to the Crypt.
 44783 | Crypt:1  | Entered Level 1 of the Crypt
 45295 | Crypt:1  | Found an ancient bone altar of Kikubaaqudgha.
 46184 | Vaults:4 | Reached XP level 22. HP: 198/215 MP: 28/28
 47148 | Vaults:5 | Entered Level 5 of the Vaults
 47629 | Vaults:5 | Noticed a golden dragon
 47663 | Vaults:5 | Killed a golden dragon
 47719 | Vaults:5 | Got a wavering bone ring
 47730 | Vaults:5 | Identified the cursed ring "Evay" {MP+9 Int-2 Dex+2} (You took it off an ironheart preserver on level 5 of the Vaults)
 47742 | Vaults:5 | Identified the Incunabulum of Blistering Intoxication
 47998 | Vaults:5 | Noticed a golden dragon
 48016 | Vaults:5 | Killed a golden dragon
 48016 | Vaults:5 | Reached XP level 23. HP: 151/225 MP: 22/29
 49244 | Vaults:5 | Identified the Grimoire of the Twisted Glacier
 49246 | Vaults:5 | Identified the Guide on Bewitching Snow
 49466 | Vaults:5 | Found Luykocia's General Store.
 49472 | Vaults:5 | Bought a potion of might for 76 gold pieces
 49475 | Vaults:5 | Got a silver rune of Zot
 49648 | Vaults:5 | Got a pair of steaming boots
 49671 | Vaults:5 | Identified the cursed +0 pair of boots "Duinil" {rPois rC- Regen+} (You found it on level 5 of the Vaults)
 50423 | Depths:1 | Entered Level 1 of the Depths
 51075 | Depths:1 | Noticed a caustic shrike
 51080 | Depths:1 | Killed a caustic shrike
 51203 | Depths:1 | Found a gateway to Hell.
 51384 | Depths:1 | Got a bloodstained triple sword
 51385 | Depths:1 | Identified the cursed +1 triple sword of Zenucegu {elec, rC+} (You found it on level 1 of the Depths)
 51460 | Depths:1 | Found a flickering gateway to a bazaar.
 51473 | Bazaar   | Entered a bazaar
 51477 | Bazaar   | Found Xiemilaa's Book Shop.
 51505 | Bazaar   | Found Qason's Weapon Boutique.
 51505 | Bazaar   | Found Efoubb's Armour Shop.
 51539 | Bazaar   | Found Carayda's Armour Boutique.
 51594 | Depths:2 | Reached XP level 24. HP: 214/236 MP: 29/29
 52220 | Depths:2 | Found a one-way gate to the infinite horrors of the Abyss.
 52373 | Depths:2 | Found a one-way gate leading to the halls of Pandemonium.
 52695 | Depths:3 | Noticed Jory
 52704 | Depths:3 | Killed Jory
 52880 | Depths:3 | Found a runed gate.
 52880 | Depths:3 | Found a runed gate.
 52880 | Depths:3 | Found a runed gate.
 52937 | Depths:3 | Noticed Jorgrun
 52955 | Depths:3 | Killed Jorgrun
 53394 | Depths:3 | Noticed a juggernaut
 53395 | Depths:3 | Noticed a juggernaut
 53406 | Depths:3 | Killed a juggernaut
 53408 | Depths:3 | Killed a juggernaut
 54110 | Depths:4 | Found a glowing golden altar of the Shining One.
 54129 | Depths:4 | Noticed Frederick
 54139 | Depths:4 | Killed Frederick
 54775 | Depths:4 | Reached XP level 25. HP: 247/247 MP: 29/29
 55033 | Depths:4 | Found a gateway to a ziggurat.
 55126 | Depths:5 | Entered Level 5 of the Depths
 55680 | Depths:5 | Found a gate to the Realm of Zot.
 56040 | Zot:1    | Entered Level 1 of the Realm of Zot
 57957 | Zot:2    | Reached XP level 26. HP: 244/259 MP: 29/29
 58060 | Zot:2    | Noticed an orb of fire
 58576 | Zot:3    | Noticed an orb of fire
 58578 | Zot:3    | Gained mutation: You are clumsy. (Dex -2) [an orb of fire]
 58590 | Zot:3    | Killed an orb of fire
 59037 | Zot:3    | Noticed an orb of fire
 59043 | Zot:3    | Gained mutation: You are very clumsy. (Dex -4) [an orb of fire]
 59052 | Zot:3    | Gained mutation: Scrolls take you a little longer to read. [an orb of fire]
 59053 | Zot:3    | Lost mutation: You often lose your temper in combat. [an orb of fire]
 59056 | Zot:3    | Killed an orb of fire
 61136 | Zot:5    | Entered Level 5 of the Realm of Zot
 61288 | Zot:5    | Found a stormy altar of Qazlal.
 61565 | Zot:5    | Noticed an ancient lich
 61566 | Zot:5    | Noticed an orb of fire
 61584 | Zot:5    | Killed an ancient lich
 61708 | Zot:5    | Noticed an orb of fire
 61721 | Zot:5    | Killed an orb of fire
 61964 | Zot:5    | Reached XP level 27. HP: 83/270 MP: 29/29
 62214 | Zot:5    | Noticed an ancient lich
 62220 | Zot:5    | Killed an ancient lich
 62537 | Zot:5    | Got the Orb of Zot
 62539 | Zot:5    | Lost mutation: Your mind is acute. (Int +2) [an orb of fire]
 62552 | Zot:5    | Gained mutation: You are frail (-10% HP). [an orb of fire]
 62556 | Zot:5    | Lost mutation: Your muscles are very strong. (Str +4) [an orb of fire]
 62568 | Zot:5    | Gained mutation: Scrolls take you longer to read. [an orb of fire]
 62577 | Zot:5    | Gained mutation: Scrolls take you much longer to read. [an orb of fire]
 62599 | Zot:5    | HP: 7/243 [Orb Guardian (18)]
 62688 | Zot:4    | The Shining One protects you from harm!
 62702 | Zot:4    | Killed from afar by a Hell Sentinel

Skill      XL: |  1  2  3  4  5  6  7  8  9 10 11 12 13 14 15 16 17 18 19 20 21 22 23 24 25 26 |
---------------+-------------------------------------------------------------------------------+-----
Fighting       | 4 5 6 8 9 10 12 13 14 16 17 18 19 20 21 22 23 24 25 26 | 26.6
Shields        | 4 5 6 7 9 10 12 13 14 15 16 17 18 19 20 21 22 23 24 25 26 | 26.7
Armour         | 4 5 6 7 9 10 12 13 14 15 17 18 19 20 21 22 23 24 25 26 | 26.6
Axes           | 3 4 5 6 7 9 10 11 13 14 15 17 18 19 20 21 22 23 24 25 26 | 26.6
Invocations    | 4 10 | 10.2
Charms         | 4 |  4.8

Action                   |  1- 3 |  4- 6 |  7- 9 | 10-12 | 13-15 | 16-18 | 19-21 | 22-24 | 25-27 || total
-------------------------+-------+-------+-------+-------+-------+-------+-------+-------+-------++-------
Melee: War axe           |    95 |   143 |   137 |   487 |   925 |       |       |       |       ||  1787
       Headbutt          |    12 |    21 |    47 |   138 |   281 |   281 |   486 |   414 |   316 ||  1996
       Flail             |       |       |    85 |    35 |       |       |       |       |       ||   120
       Morningstar       |       |       |       |   100 |    11 |       |       |       |       ||   111
       Broad axe         |       |       |       |       |   125 |  1095 |  1574 |  1145 |   882 ||  4821
Invok: Divine Shield     |       |       |       |     3 |     2 |     3 |     1 |       |       ||     9
       Cleansing Flame   |       |       |       |       |     2 |       |     4 |     3 |       ||     9
       Summon Divine War |       |       |       |       |       |     2 |     4 |     5 |     3 ||    14
       Brand Weapon With |       |       |       |       |       |     1 |       |       |       ||     1
Evoke: Sack of spiders   |       |       |       |       |     1 |       |       |       |       ||     1
       Wand              |       |       |       |       |     1 |       |     1 |       |       ||     2
  Use: Scroll            |       |     6 |       |     8 |    13 |    14 |    20 |    11 |     5 ||    77
       Potion            |       |     1 |     5 |     4 |     5 |       |    12 |       |     6 ||    33
 Stab: Petrifying        |       |       |       |       |     1 |       |       |       |       ||     1
       Petrified         |       |       |       |       |     3 |       |       |       |       ||     3
       Distracted        |       |       |       |       |       |       |     1 |       |       ||     1
  Eat: Chunk             |       |     9 |    16 |    22 |   113 |    42 |    55 |    42 |    21 ||   320
       Beef jerky        |       |       |       |     1 |       |       |       |       |       ||     1
       Royal jelly       |       |       |       |     2 |       |       |     1 |       |       ||     3
       Pizza             |       |       |       |     1 |       |     2 |       |       |       ||     3
       Bread ration      |       |       |       |       |     1 |       |     1 |       |     2 ||     4
       Meat ration       |       |       |       |       |       |       |     1 |       |     2 ||     3
Armor: Scale mail        |    51 |    48 |    81 |    18 |       |       |       |       |       ||   198
       Crystal plate arm |       |       |       |   295 |   500 |   476 |   666 |   581 |   438 ||  2956
Dodge: Dodged            |    33 |    38 |   113 |   255 |   170 |   145 |   214 |   188 |   147 ||  1303
Block: Shield            |    62 |    75 |   134 |   456 |   664 |   622 |  1058 |   991 |   696 ||  4758
       Other             |       |       |       |       |       |     5 |       |       |       ||     5
       Large shield      |       |       |       |       |       |       |   242 |       |       ||   242
